 Dungeon Crawl Stone Soup version 0.22.1-1-ga44c0e5 (webtiles) character file.

2668 Harpaggios the Insei (level 9, 0/102 HPs)
             Began as a Gnoll Transmuter on Oct 17, 2018.
             Was a Believer of Yredelemnul.
             Succumbed to a gnoll sergeant's poison
             ... on level 7 of the Dungeon.
             The game lasted 00:35:29 (6889 turns).

Harpaggios the Insei (Gnoll Transmuter)             Turns: 6889, Time: 00:35:30

Health: 0/102      AC: 24    Str: 17    XL:     9   Next: 63%
Magic:  12/19      EV:  2    Int: 18    God:    Yredelemnul [**....]
Gold:   434        SH:  0    Dex: 17    Spells: 16/21 levels left

rFire    + . .     SeeInvis .     - Unarmed
rCold    . . .     Gourm    .   (no shield)
rNeg     + + +     Faith    .   (armour currently unavailable)
rPois    +         Spirit   .   (helmet currently unavailable)
rElec    .         Reflect  .   (cloak currently unavailable)
rCorr    .         Harm     .   (gloves currently unavailable)
MR       .....     NoTele   +   (boots currently unavailable)
Stlth    +++.......             i - amulet of inaccuracy
HPRegen  0.27/turn              c - ring of protection from fire
MPRegen  0.16/turn              n - ring of positive energy

@: mighty, lethally poisoned (0 -> -25), tree-form
A: distributed training, strong nose
a: Animate Remains, Recall Undead Slaves, Injury Mirror, Renounce Religion


You were on level 7 of the Dungeon.
You worshipped Yredelemnul.
Yredelemnul was pleased with you.
You were very hungry.
You were a tree.
You visited 1 branch of the dungeon, and saw 7 of its levels.

You collected 434 gold pieces.

Inventory:

Hand Weapons
 p - a +1 falchion of electrocution
Missiles
 a - 137 arrows
Armour
 b - a +1 robe (melded)
 j - a +2 hat (melded)
Magical Staves
 g - an uncursed staff of wizardry
 o - an uncursed staff of summoning
Jewellery
 c - a ring of protection from fire (left branch)
 e - an uncursed amulet of faith
 i - an amulet of inaccuracy (around neck)
 n - a ring of positive energy (right branch)
 q - an uncursed ring of flight
Wands
 k - a wand of random effects (35)
Scrolls
 h - a scroll of fear
 l - 2 scrolls of amnesia
Potions
 f - a potion of lignification
 m - 3 potions of cancellation
Comestibles
 d - 12 rations


   Skills:
 + Level 5.1 Fighting
 + Level 4.3 Short Blades
 + Level 4.3 Long Blades
 + Level 4.3 Axes
 + Level 4.3 Maces & Flails
 + Level 4.3 Polearms
 + Level 4.3 Staves
 + Level 4.3 Slings
 + Level 4.3 Bows
 + Level 4.3 Crossbows
 + Level 4.3 Throwing
 + Level 4.3 Armour
 + Level 6.4 Dodging
 + Level 4.3 Stealth
 + Level 4.3 Shields
 + Level 7.9 Unarmed Combat
 + Level 6.7 Spellcasting
 + Level 3.6 Conjurations
 + Level 3.6 Hexes
 + Level 3.6 Charms
 + Level 3.6 Summonings
 + Level 3.6 Necromancy
 + Level 3.6 Translocations
 + Level 5.3 Transmutations
 + Level 3.6 Fire Magic
 + Level 3.6 Ice Magic
 + Level 3.6 Air Magic
 + Level 3.6 Earth Magic
 + Level 3.6 Poison Magic
 + Level 4.8 Invocations
 + Level 4.3 Evocations


You had 16 spell levels left.
You knew the following spells:

 Your Spells              Type           Power        Failure   Level  Hunger
b - Sticks to Snakes      Tmut           ####....     1%          2    None
c - Spider Form           Tmut/Pois      ###.......   5%          3    ##.....

Your spell library contained the following spells:

 Spells                   Type           Power        Failure   Level  Hunger
 Beastly Appendage        Tmut           ####..       1%          1    None
 Ice Form                 Ice/Tmut       ###.....     19%         4    ####...
 Blade Hands              Tmut           ####......   34%         5    #####..


Dungeon Overview and Level Annotations

Branches:
Dungeon (7/15)             Temple (0/1) D:6

Altars:
Fedhas
Ru
Wu Jian
Yredelemnul
Zin

Shops:
D:5 *


Innate Abilities, Weirdness & Mutations

Your experience applies equally to all skills.
((You have very sharp teeth.))
Your uncanny sense of smell can sniff out nearby items.


Message History

Your orc wizard zombie hits the gnoll but does no damage.
The gnoll closely misses your orc wizard zombie.
* * * LOW HITPOINT WARNING * * *
You feel very sick.
The gnoll barely misses your orc wizard zombie.
Your orc wizard zombie hits the gnoll but does no damage.
Okay, then.
You turn into a tree.
Your +2 hat melds into your body.
Your +1 robe melds into your body.
Your roots penetrate the ground.
* * * LOW HITPOINT WARNING * * *
You feel very sick.
The gnoll hits your orc wizard zombie with a whip.
The gnoll hits your orc wizard zombie with a whip!
Your orc wizard zombie is destroyed!
* * * LOW HITPOINT WARNING * * *
You feel sick.
Your orc zombie hits the gnoll with a hand axe.
You feel very mighty all of a sudden.
You die...
Your body rises from the dead as a mindless zombie.

....# ....# ....# ....#
#. ... #.## ##)# ..#
##g# #.######Z## #######
#......♣..#.#. ......#
#..##..........
.####.####.Z##.##.####..
....#...)).....##.# ..
.##.#..####..####.#.# .
.......####..# #.#.#
.### .##.......#....
..#.## .... .)
######.......### #...#
#.. .# # #.##....# #...#
#.# .#


You could see a gnoll and a friendly orc zombie.

Vanquished Creatures
  A two-headed ogre (D:6)
  A hungry ghost (D:7)
  Duvessa (D:7)
  A black bear (D:6)
  An ogre (D:7)
  A sky beast (D:5)
  4 centaurs
  A bullfrog (D:6)
  A gnoll sergeant (D:7)
  Dowan (D:7)
  A howler monkey (D:4)
  4 crimson imps
  A centaur zombie (D:7)
  A quasit (D:6)
  4 hounds
  A bullfrog zombie (D:5)
  A bullfrog skeleton (D:6)
  2 orc priests
  2 centaur skeletons (D:4)
  4 worker ants
  A hound zombie (D:7)
  12 adders
  9 gnolls
  A shadow imp (D:7)
  An ooze (D:7)
  An adder skeleton (D:4)
  A worm (D:4)
  2 dart slugs (D:1)
  2 leopard geckos
  13 orcs
  A bat (D:2)
  A giant cockroach (D:2)
  6 goblins
  4 hobgoblins
  5 jackals
  4 kobolds
  7 quokkas
  A ball python (D:3)
  3 frilled lizards
  A leopard gecko skeleton (D:5)
  6 rats
116 creatures vanquished.

Vanquished Creatures (collateral kills)
  A centaur (D:7)
  A bullfrog (D:6)
  A scorpion (D:3)
  An orc priest (D:6)
  4 orc wizards
  An iguana (D:6)
  A worker ant (D:6)
  A hound zombie (D:6)
  2 adders
  4 orcs (D:7)
  A jackal (D:3)
18 creatures vanquished.

Vanquished Creatures (others)
  A bullfrog zombie (D:6)
  An ogre zombie (D:7)
  A hound zombie (D:6)
  A worker ant zombie (D:7)
  An elf zombie (D:7)
  An iguana zombie (D:6)
  3 orc zombies (D:7)
  A gnoll zombie (D:6)
10 creatures vanquished.

Grand Total: 144 creatures vanquished

Notes
Turn   | Place    | Note
-------+----------+-------------------------------------------
     0 | D:1      | Harpaggios the Gnoll Transmuter began the quest for the
                  | Orb.
     0 | D:1      | Reached XP level 1. HP: 17/17 MP: 6/6
   160 | D:1      | Reached XP level 2. HP: 16/23 MP: 5/7
  1054 | D:2      | Reached skill level 5 in Spellcasting
  1054 | D:2      | Reached XP level 3. HP: 26/28 MP: 6/9
  1058 | D:2      | Learned a level 2 spell: Sticks to Snakes
  1094 | D:2      | Reached skill level 1 in Invocations
  1127 | D:2      | Learned a level 3 spell: Spider Form
  1378 | D:2      | Found a glowing silver altar of Zin.
  1416 | D:2      | Reached skill level 1 in Short Blades
  1416 | D:2      | Reached skill level 1 in Long Blades
  1416 | D:2      | Reached skill level 1 in Axes
  1416 | D:2      | Reached skill level 1 in Maces & Flails
  1416 | D:2      | Reached skill level 1 in Polearms
  1416 | D:2      | Reached skill level 1 in Staves
  1416 | D:2      | Reached skill level 1 in Slings
  1416 | D:2      | Reached skill level 1 in Bows
  1416 | D:2      | Reached skill level 1 in Crossbows
  1416 | D:2      | Reached skill level 1 in Throwing
  1416 | D:2      | Reached skill level 1 in Armour
  1416 | D:2      | Reached skill level 1 in Stealth
  1416 | D:2      | Reached skill level 1 in Shields
  1416 | D:2      | Reached skill level 1 in Evocations
  1881 | D:2      | Reached XP level 4. HP: 31/34 MP: 9/11
  1959 | D:3      | Reached skill level 1 in Conjurations
  1959 | D:3      | Reached skill level 1 in Hexes
  1959 | D:3      | Reached skill level 1 in Charms
  1959 | D:3      | Reached skill level 1 in Summonings
  1959 | D:3      | Reached skill level 1 in Necromancy
  1959 | D:3      | Reached skill level 1 in Translocations
  1959 | D:3      | Reached skill level 1 in Fire Magic
  1959 | D:3      | Reached skill level 1 in Ice Magic
  1959 | D:3      | Reached skill level 1 in Air Magic
  1959 | D:3      | Reached skill level 1 in Earth Magic
  1959 | D:3      | Reached skill level 1 in Poison Magic
  2116 | D:3      | Reached XP level 5. HP: 40/40 MP: 2/12
  2562 | D:3      | Reached XP level 6. HP: 33/47 MP: 11/13
  2638 | D:3      | Found an ornate altar of the Wu Jian Council.
  2639 | D:3      | Found a basalt altar of Yredelemnul.
  2644 | D:3      | Became a worshipper of Yredelemnul the Dark
  3010 | D:4      | Found a sacrificial altar of Ru.
  3016 | D:4      | Reached skill level 5 in Dodging
  3371 | D:5      | Entered Level 5 of the Dungeon
  3617 | D:5      | Reached XP level 7. HP: 30/52 MP: 12/15
  3746 | D:5      | Reached skill level 7 in Unarmed Combat
  3988 | D:5      | Found Bepakyum's General Store.
  4276 | D:5      | Found a blossoming altar of Fedhas.
  4909 | D:6      | Reached XP level 8. HP: 53/60 MP: 10/16
  5127 | D:6      | Reached * piety under Yredelemnul
  5469 | D:6      | Found a staircase to the Ecumenical Temple.
  5647 | D:6      | Noticed a two-headed ogre
  5660 | D:6      | Killed a two-headed ogre
  5660 | D:6      | Reached skill level 5 in Transmutations
  5660 | D:6      | Reached XP level 9. HP: 7/66 MP: 15/18
  6653 | D:7      | Noticed Duvessa
  6653 | D:7      | Noticed Dowan
  6697 | D:7      | Killed Duvessa
  6697 | D:7      | Reached skill level 5 in Fighting
  6702 | D:7      | Killed Dowan
  6840 | D:7      | Your ally Duvessa died
  6872 | D:7      | Reached ** piety under Yredelemnul
  6887 | D:7      | HP: 4/102 [poisoned by a gnoll sergeant]
  6889 | D:7      | Succumbed to a gnoll sergeant's poison

Skill      XL: |  1  2  3  4  5  6  7  8  9 |
---------------+----------------------------+-----
Spellcasting   | 5 6 |  6.7
Invocations    | 1 2 3 4 |  4.8
Short Blades   | 1 2 3 4 |  4.3
Long Blades    | 1 2 3 4 |  4.3
Axes           | 1 2 3 4 |  4.3
Maces & Flails | 1 2 3 4 |  4.3
Polearms       | 1 2 3 4 |  4.3
Staves         | 1 2 3 4 |  4.3
Slings         | 1 2 3 4 |  4.3
Bows           | 1 2 3 4 |  4.3
Crossbows      | 1 2 3 4 |  4.3
Throwing       | 1 2 3 4 |  4.3
Armour         | 1 2 3 4 |  4.3
Stealth        | 1 2 3 4 |  4.3
Shields        | 1 2 3 4 |  4.3
Evocations     | 1 2 3 4 |  4.3
Conjurations   | 1 2 3 |  3.6
Hexes          | 1 2 3 |  3.6
Charms         | 1 2 3 |  3.6
Summonings     | 1 2 3 |  3.6
Necromancy     | 1 2 3 |  3.6
Translocations | 1 2 3 |  3.6
Fire Magic     | 1 2 3 |  3.6
Ice Magic      | 1 2 3 |  3.6
Air Magic      | 1 2 3 |  3.6
Earth Magic    | 1 2 3 |  3.6
Poison Magic   | 1 2 3 |  3.6
Fighting       | 3 4 5 |  5.1
Transmutations | 4 5 |  5.3
Dodging        | 5 6 |  6.4
Unarmed Combat | 7 |  7.9

Action                   |  1- 3 |  4- 6 |  7- 9 || total
-------------------------+-------+-------+-------++-------
Melee: Unarmed           |    84 |   173 |   227 ||   484
       Bite              |    10 |     7 |    17 ||    34
       Kick              |     8 |       |       ||     8
       Punch             |     3 |     3 |     7 ||    13
       Staff             |    30 |       |       ||    30
       Headbutt          |     1 |       |       ||     1
       Falchion          |       |       |    33 ||    33
 Cast: Beastly Appendage |     8 |       |       ||     8
       Spider Form       |     1 |     9 |    14 ||    24
       Sticks to Snakes  |       |    11 |    16 ||    27
Invok: Animate Remains   |       |       |    13 ||    13
 Abil: End Transformatio |       |       |     1 ||     1
  Use: Scroll            |     5 |     3 |     6 ||    14
       Potion            |     3 |     4 |     3 ||    10
 Stab: Sleeping          |     2 |     1 |     1 ||     4
       Distracted        |       |       |     2 ||     2
  Eat: Chunk             |     2 |     5 |    14 ||    21
       Ration            |       |     1 |       ||     1
Armor: Robe              |    15 |    11 |    24 ||    50
       Skin              |       |     4 |     2 ||     6
Dodge: Dodged            |    72 |   111 |   219 ||   402
       Rpst.: Falchion   |       |       |    15 ||    15
